 Dungeon Crawl Stone Soup version 0.28-a0-268-g3f656e82c2 (webtiles) character file.

Game seed: 5070556948134930060

53193 Colgate the Fighter (level 14, 0/177 HPs)
             Began as a Vampire Gladiator on Aug 28, 2021.
             Was a High Priest of Nemelex Xobeh.
             Killed from afar by a deep elf knight (22 damage)
             ... with a lance of force
             ... on level 9 of the Dungeon.
             The game lasted 01:51:27 (15950 turns).

Colgate the Fighter (Vampire Gladiator)            Turns: 15950, Time: 01:51:27

Health: 0/177      AC: 21    Str: 16    XL:     14   Next: 30%
Magic:  14/14      EV:  6    Int: 14    God:    Nemelex Xobeh [*****.]
Gold:   892        SH: 11    Dex: 17    Spells: 13/13 levels left

rFire   x . .      SeeInvis +   a - +11 long sword "Beetzoxze" {flame, *Rage Drain Will+ Int+3}
rCold   + + +      Faith    .   I - +0 tower shield {rC+}
rNeg    . . .      Spirit   .   o - +2 ice dragon scales
rPois   .          Reflect  .   c - +2 helmet
rElec   .          Harm     .   x - +0 cloak
rCorr   .          Rampage  .   (no gloves)
Will    ++...      Rnd*Rage +   (no boots)
Stlth   ..........              (no amulet)
HPRegen 0.59/turn               n - +4 ring of protection
MPRegen 0.14/turn               y - ring of flight

@: berserking, flying, healing quickly, very quick
A: alive, fangs 3, see invisible, vampiric 2
a: Exsanguinate, Renounce Religion, Draw Escape, Draw Destruction, Draw
Summoning, Triple Draw, Deal Four, Stack Five


You were on level 9 of the Dungeon.
You worshipped Nemelex Xobeh.
Nemelex Xobeh was extremely pleased with you.
You visited 1 branch of the dungeon, and saw 12 of its levels.
You also visited: Bailey and Ice Cave.

You collected 892 gold pieces.

Inventory:

Hand Weapons
 a - the +11 long sword "Beetzoxze" (weapon) {flame, *Rage Drain Will+ Int+3}
   (You found it on level 7 of the Dungeon)

   It burns those it strikes, dealing additional fire damage.
   Big, fiery blades are also staple armaments of hydra-hunters.
   Int:       It affects your intelligence (+3).
   *Rage:     It may make you go berserk in combat.
   Drain:     It drains your maximum health when unequipped.
   Will:      It increases your willpower.
 r - a +1 hunting sling of freezing
Missiles
 d - 3 throwing nets (quivered)
 F - 13 boomerangs
 K - 77 poisoned darts
Armour
 c - a +2 helmet (worn)
 i - a scarf of resistance
 j - a +2 buckler
 o - +2 ice dragon scales (worn)
 x - a +0 cloak (worn)
 D - the +1 acid dragon scales "Fiykk" {rCorr Dex+3 Stlth+}
   (You found it on level 5 of the Dungeon)

   Dex:       It affects your dexterity (+3).
   rCorr:     It protects you from acid and corrosion.
   Stlth:     It makes you more stealthy.
 I - a +0 tower shield of cold resistance (worn)
 P - +0 steam dragon scales
 R - the +6 chain mail "Dudathrarr" {Regen+ Str-3 Dex+4}
   (You found it on level 12 of the Dungeon)

   Str:       It affects your strength (-3).
   Dex:       It affects your dexterity (+4).
   Regen:     It increases your rate of health regeneration.
Jewellery
 n - a +4 ring of protection (left hand)
 y - a ring of flight (right hand)
 z - a ring of ice
 C - a ring of protection from cold
Wands
 b - a wand of charming (8)
 e - a wand of flame (41)
 L - a wand of acid (15)
 O - a wand of iceblast (18)
Scrolls
 f - a scroll of immolation
 k - a scroll of magic mapping
 m - a scroll of brand weapon
 p - 2 scrolls of fear
 q - 5 scrolls of teleportation
 s - a scroll of amnesia
 t - a scroll of torment
 u - 2 scrolls of vulnerability
 v - 2 scrolls of blinking
 w - 3 scrolls of holy word
 M - a scroll of identify
 N - 2 scrolls of noise
 Q - a scroll of summoning {unknown}
 S - a scroll of enchant weapon
Potions
 g - 6 potions of curing
 h - a potion of brilliance
 l - 6 potions of haste
 A - a potion of berserk rage
 B - a potion of heal wounds
 E - a potion of lignification
 G - a potion of resistance
 H - 2 potions of mutation
Miscellaneous
 J - a condenser vane


   Skills:
 - Level 13.1 Fighting
 + Level 9.4 Long Blades
 - Level 6.0 Staves
 - Level 11.0(11.1) Slings
 - Level 1.5(7.2) Throwing
 - Level 4.4 Armour
 - Level 4.0 Dodging
 - Level 5.5 Stealth


You had 13 spell levels left.
You didn't know any spells.
Your spell library contained the following spells:

 Spells                   Type           Power      Damage    Failure   Level
 Foxfire                  Conj/Fire      0%         2x1d4     100%        1
 Sting                    Tmut/Pois      0%         1d3       100%        1
 Passwall                 Tmut/Erth      0%         N/A       100%        2
 Poisonous Vapours        Pois/Air       0%         N/A       100%        2
 Slow                     Hex            0%         N/A       100%        2
 Confusing Touch          Hex            0%         N/A       100%        3
 Conjure Flame            Conj/Fire      0%         6-21      100%        3
 Inner Flame              Hex/Fire       0%         N/A       100%        3
 Spider Form              Tmut/Pois      0%         N/A       100%        3
 Animate Armour           Summ/Erth      0%         N/A       100%        4
 Cause Fear               Hex            0%         N/A       100%        4
 Olgreb's Toxic Radiance  Pois           0%         N/A       100%        4
 Blade Hands              Tmut           0%         N/A       100%        5
 Irradiate                Conj/Tmut      0%         3d14      100%        5
 Yara's Violent Unravell  Hex/Tmut       0%         3d3       100%        5
 Dragon Form              Tmut           0%         N/A       100%        7
 Discord                  Hex            0%         N/A       100%        8


Dungeon Overview and Level Annotations

Branches:
Dungeon (12/15)            Temple (0/1) D:7            Lair (0/6) D:10
    Orc (0/2) D:11         Bailey (visited)           IceCv (visited)

Altars:
Nemelex Xobeh
Vehumet
Xom

Shops:
D:7 :

Annotations:
D:4 vettä ja laavaa
D:9 1 transporter


Innate Abilities, Weirdness & Mutations

Your natural rate of healing is accelerated.
You have razor-sharp teeth.
You have supernaturally acute eyesight. (SInv)
You are afflicted with vampirism and can become a bat while bloodless.


Message History

The quasit bites you but does no damage.
The quasit barely misses you.
The quasit splashes around in the water.
The deep elf knight gestures at you while chanting.
The shard of ice hits you!! You partially resist.
The kobold demonologist mumbles some strange words.
The kobold demonologist hits you but does no damage.
The chaos spawn hits you! The chaos spawn sears you!
* * * LOW HITPOINT WARNING * * *
You completely miss the kobold demonologist.
You block the quasit's attack. The quasit closely misses you.
You block the quasit's attack.
The ice devil splashes around in the water.
The deep elf knight hits you but does no damage.
The kobold demonologist hits you but does no damage.
The quasit bites you.
* * * LOW HITPOINT WARNING * * *
The quasit claws you but does no damage.
The quasit splashes around in the water.
The kobold demonologist casts a spell.
The chaos spawn gores you but does no damage.
The ice devil completely misses you.
The deep elf knight hits you with a +0 scimitar!
* * * LOW HITPOINT WARNING * * *
A red film seems to cover your vision as you go berserk!
You feel yourself moving faster!
You feel mighty!
You barely miss the kobold demonologist.
You bite the kobold demonologist.
The kobold demonologist is lightly wounded.
The quasit bites you.
* * * LOW HITPOINT WARNING * * *
The quasit barely misses you. x2
The kobold demonologist barely misses you.
The kobold demonologist hits you but does no damage.
The chaos spawn gores you but does no damage.
The ice devil splashes around in the water.
The deep elf knight casts a spell at you.
The lance of force hits you!!
You die...
Your body disappears without a glow.

#####...##### #.# ###
#.....©.....# #.###..
#.#########.# #..##..
#.#8P.©.P8#.# ##.##..
#.#P.....P#.# #..#..
#.####'####.# ##.#..
#.#)≈...≈o#.# #....
#.#o≈.543e#.# ##...
#.#o≈≈P4@K#.# #...
#.#.≈≈54≈K#.# #..#
#.#.≈≈≈P≈5#.# ##.#
#.#.≈...≈.#.# #..
#.#.≈...≈.#.############.
#.####+####.##.......# #.
#.#≈.(}(.≈#.##.......# ##
#.#8P$©$P8#.##.....).# #
#.#########.##.......# #


You could see a soul eater (summoned), a deep elf knight (invisible), an ice
devil (summoned), 2 kobold demonologists, 2 chaos spawn, 3 orc priests and 3
quasits.

Vanquished Creatures
  A reaper (IceCv)
  A hydra (D:11)
  A boulder beetle (D:11)
  3 two-headed ogres
  An orc high priest (Bailey)
  An oklob plant (D:10)
  An orc knight (Bailey)
  A cyclops (D:10)
  A cane toad (D:6)
  A gargoyle (D:12)
  2 ice statues (IceCv)
  An unseen horror (D:12)
  2 rime drakes (D:11)
  2 kobold demonologists
  4 ice devils (IceCv)
  A freezing wraith (IceCv)
  2 trolls
  An air elemental (D:11)
  2 dire elephant simulacra (IceCv)
  Eustachio (D:5)
  A fire elemental (D:11)
  3 yaks (D:7)
  A vampire (D:9)
  4 wyverns
  A wraith (D:12)
  A golden eye (D:7)
  2 vampire mosquitoes (D:11)
  Grum (D:11)
  2 death yak simulacra (IceCv)
  3 steam dragons
  3 water moccasins
  A black bear (D:7)
  11 orc warriors
  3 sky beasts
  2 ice beasts
  An ogre (D:6)
  3 wolves (D:11)
  4 centaurs
  3 kobold brigands
  A bullfrog (D:6)
  An earth elemental (D:11)
  A gnoll sergeant (D:9)
  A cane toad simulacrum (IceCv)
  3 scorpions
  A two-headed ogre simulacrum (IceCv)
  An elephant simulacrum (IceCv)
  10 killer bees
  14 wights
  A howler monkey (D:11)
  5 electric eels (Bailey)
  A bullfrog zombie (D:5)
  A centaur zombie (D:9)
  A lava snake (D:9)
  4 hounds
  A gnoll shaman (D:8)
  3 orc priests
  Crazy Yiuf (D:3)
  Jessica (D:3)
  2 centaur skeletons
  4 iguanas
  5 orc wizards
  2 spriggan simulacra (IceCv)
  2 troll simulacra (IceCv)
  A wolf simulacrum (IceCv)
  A hound zombie (D:5)
  4 howler monkey zombies
  3 howler monkey skeletons
  7 adders
  13 gnolls
  2 naga simulacra (IceCv)
  3 shadow imps
  3 white imps
  3 ufetubi
  An adder skeleton (D:4)
  4 worms
  2 dart slugs
  54 orcs
  3 bats
  5 endoplasms
  2 giant cockroaches
  18 goblins
  12 hobgoblins
  A jackal (D:2)
  18 kobolds
  5 quokkas
  7 ball pythons
  6 frilled lizards
  20 rats
345 creatures vanquished.

Vanquished Creatures (collateral kills)
  A dream sheep (D:6)
  A fire bat (D:6)
  A bullfrog (D:7)
  5 wights (D:7)
  A centaur skeleton (D:7)
  2 orc priests (D:7)
  A howler monkey zombie (D:7)
  A worm (D:6)
  A hobgoblin (Bailey)
14 creatures vanquished.

Vanquished Creatures (others)
  A water elemental (D:11)
  A gnoll (Bailey)
  A white imp (IceCv)
3 creatures vanquished.

Grand Total: 362 creatures vanquished

Notes
Turn   | Place    | Note
-------+----------+-------------------------------------------
     0 | D:1      | Colgate the Vampire Gladiator began the quest for the Orb.
     0 | D:1      | Reached XP level 1. HP: 16/16 MP: 1/1
    17 | D:1      | Reached XP level 2. HP: 22/22 MP: 2/2
   452 | D:1      | Found a faded altar of an unknown god.
   456 | D:1      | Became a worshipper of Nemelex Xobeh the Trickster
   456 | D:1      | Reached * piety under Nemelex Xobeh
   916 | D:2      | Received a gift from Nemelex Xobeh
   927 | D:2      | Gained mutation: You are afflicted with vampirism and can
                  | become a bat while bloodless. [Vampire growth]
   927 | D:2      | Reached XP level 3. HP: 27/27 MP: 3/3
  1163 | D:1      | Found a sparkling altar of Nemelex Xobeh.
  1944 | D:2      | You fall into a shaft and drop 1 floor!
  2276 | D:2      | Reached ** piety under Nemelex Xobeh
  2346 | D:2      | Reached XP level 4. HP: 33/33 MP: 4/4
  2760 | D:2      | Received a gift from Nemelex Xobeh
  3063 | D:3      | Noticed Jessica
  3067 | D:3      | Killed Jessica
  3445 | D:3      | Received a gift from Nemelex Xobeh
  3466 | D:3      | Found a runed translucent door.
  3467 | D:3      | Noticed Crazy Yiuf
  3471 | D:3      | Killed Crazy Yiuf
  3472 | D:3      | Reached skill level 1 in Armour
  3472 | D:3      | Reached XP level 5. HP: 38/38 MP: 5/5
  3916 | D:4      | Reached skill level 5 in Staves
  3916 | D:4      | Reached XP level 6. HP: 44/44 MP: 6/6
  4214 | D:4      | Found a shimmering altar of Xom.
  4488 | D:4      | Reached *** piety under Nemelex Xobeh
  4628 | D:5      | Entered Level 5 of the Dungeon
  4759 | D:5      | Identified the +1 acid dragon scales "Fiykk" {rCorr Dex+3
                  | Stlth+}
  4818 | D:5      | Received a gift from Nemelex Xobeh
  4878 | D:5      | Noticed an ice beast
  4884 | D:5      | Killed an ice beast
  4885 | D:5      | Reached skill level 1 in Slings
  4885 | D:5      | Reached XP level 7. HP: 49/49 MP: 7/7
  5032 | D:5      | Noticed Eustachio
  5575 | D:6      | Reached skill level 2 in Fighting
  5638 | D:6      | Reached XP level 8. HP: 56/56 MP: 8/8
  5674 | D:6      | Noticed a guardian serpent
  5674 | D:6      | a yak changed into a guardian serpent
  5674 | D:6      | Noticed a cane toad
  5674 | D:6      | a yak changed into a cane toad
  5674 | D:6      | Noticed a blink frog
  5674 | D:6      | a yak changed into a blink frog
  5674 | D:6      | Noticed a meliai
  5674 | D:6      | a yak changed into a meliai
  5676 | D:6      | Killed a cane toad
  5677 | D:6      | Reached skill level 5 in Slings
  5678 | D:6      | a meliai changed into a fire bat
  5678 | D:6      | a blink frog changed into a killer bee
  5678 | D:6      | Noticed a dream sheep
  5678 | D:6      | a guardian serpent changed into a dream sheep
  5683 | D:6      | Killed a dream sheep
  5943 | D:6      | Got the Guide on the Toxic Mountains
  6718 | D:7      | Noticed a two-headed ogre
  6726 | D:7      | HP: 1/56 [two-headed ogre (20)]
  6727 | D:7      | Killed a two-headed ogre
  6728 | D:7      | Reached XP level 9. HP: 2/61 MP: 9/9
  6880 | D:7      | Received a gift from Nemelex Xobeh
  6880 | D:7      | Found Wuidyges's Book Boutique.
  7014 | D:7      | Found a staircase to the Ecumenical Temple.
  7325 | D:7      | Reached skill level 10 in Slings
  7419 | D:7      | Reached skill level 5 in Stealth
  7419 | D:7      | Reached XP level 10. HP: 60/60 MP: 10/10
  7448 | D:7      | Identified the +11 long sword "Beetzoxze" {flame, *Rage
                  | Drain Will+ Int+3}
  7578 | D:7      | Reached **** piety under Nemelex Xobeh
  7988 | D:8      | Found a flagged portal.
  8026 | Bailey   | Entered a bailey
  8284 | Bailey   | Reached skill level 3 in Fighting
  8348 | Bailey   | Noticed an orc high priest
  8359 | Bailey   | Killed an orc high priest
  8360 | Bailey   | Reached skill level 5 in Fighting
  8473 | Bailey   | Noticed an orc knight
  8617 | Bailey   | Killed an orc knight
  8618 | Bailey   | Reached skill level 6 in Fighting
  8636 | Bailey   | Found an iron altar of Okawaru.
  9186 | Bailey   | Reached skill level 7 in Fighting
  9533 | Bailey   | Reached skill level 10 in Fighting
  9533 | Bailey   | Reached XP level 11. HP: 92/92 MP: 11/11
  9534 | Bailey   | Reached skill level 12 in Fighting
  9534 | Bailey   | Reached XP level 12. HP: 102/102 MP: 12/12
  9535 | Bailey   | Reached skill level 13 in Fighting
  9535 | Bailey   | Reached XP level 13. HP: 111/111 MP: 13/13
  9915 | D:8      | Reached skill level 1 in Long Blades
 10524 | D:9      | Found a transporter.
 10798 | D:5      | Found a radiant altar of Vehumet.
 11153 | D:5      | Killed Eustachio
 11389 | D:9      | Found a transporter.
 11957 | D:10     | Entered Level 10 of the Dungeon
 12183 | D:10     | Found a staircase to the Lair.
 12414 | D:10     | Received a gift from Nemelex Xobeh
 12826 | D:11     | Reached skill level 5 in Long Blades
 12866 | D:11     | Found a large runed translucent door.
 12867 | D:11     | Found a large runed translucent door.
 12916 | D:11     | Reached XP level 14. HP: 56/118 MP: 14/14
 12943 | D:11     | Reached ***** piety under Nemelex Xobeh
 12944 | D:11     | Found a staircase to the Orcish Mines.
 12962 | D:11     | Found a frozen archway.
 13121 | D:11     | Acquired a scarf of resistance
 13133 | IceCv    | Entered an ice cave
 13833 | IceCv    | Noticed a reaper
 14231 | IceCv    | Killed a reaper
 14670 | D:11     | Noticed Grum
 14684 | D:11     | Killed Grum
 14809 | D:11     | Received a gift from Nemelex Xobeh
 15135 | D:11     | Paralysed by an air elemental for 1 turns
 15137 | D:11     | Paralysed by an air elemental for 1 turns
 15140 | D:11     | Paralysed by an air elemental for 1 turns
 15546 | D:12     | Received a gift from Nemelex Xobeh
 15640 | D:12     | Identified the +6 chain mail "Dudathrarr" {Regen+ Str-3
                  | Dex+4}
 15950 | D:9      | Killed from afar by a deep elf knight

Illustrated notes

Levels and vault maps discovered:
D:1:      minmay_arrival_four_houses, layout_basic,
          shapermc_ecumenical_altar_acropolis
D:2:      minmay_skewed_foursquare, layout_basic, st_stairs_14,
          chequers_serial_rivers_micro_e, minmay_tetromino_o4
D:3:      layout_loops_ring, serial_bayou_lagoon_b, uniq_crazy_yiuf_cottage,
          uniq_jessica
D:4:      layout_loops_ring, mainiacjoe_overflow_concentric_impassable,
          minmay_rat_hole
D:5:      layout_gridville, minmay_ruined_shrine, uniq_eustachio
D:6:      layout_basic
D:7:      layout_rooms, minmay_temple_entry_nine_rooms, serial_shops,
          nicolae_stop_n_shop_2, abandoned_shop, hangedman_misty_isle
D:8:      cheibrodos_iron_armory, layout_rooms, enter_bailey_3,
          grunt_ministairs_8
D:9:      gammafunk_wand_slinger, layout_basic, kennysheep_generic_room_4
D:10:     layout_basic, dpeg_oklobed_lair, minmay_sticks_and_stones
D:11:     layout_rooms, hiddenorc2_lemuel, portal_ice_cave_rime,
          lightli_elemental_guards, uniq_grum
D:12:     layout_cross

Skill      XL: |  1  2  3  4  5  6  7  8  9 10 11 12 13 14 |
---------------+-------------------------------------------+-----
Dodging        | 4 |  4.0
Staves         | 3 4 5 6 |  6.0
Armour         | 1 2 4 |  4.4
Slings         | 1 4 8 10 11 | 11.0
Fighting       | 2 10 12 13 | 13.1
Stealth        | 4 5 |  5.5
Long Blades    | 5 9 |  9.4
Throwing       | |  1.5

Action                   |  1- 3 |  4- 6 |  7- 9 | 10-12 | 13-15 || total
-------------------------+-------+-------+-------+-------+-------++-------
Melee: Quarterstaff      |    88 |    71 |    85 |    59 |       ||   303
       Bite              |    10 |     3 |    12 |     6 |    58 ||    89
       Long sword        |       |       |       |       |   436 ||   436
 Fire: Hunting sling     |       |    50 |    88 |   484 |    16 ||   638
Throw: Stone             |    65 |    44 |       |       |       ||   109
Invok: Draw Destruction  |       |     8 |    26 |     5 |       ||    39
       Draw Summoning    |       |     3 |     3 |     2 |       ||     8
       Draw Escape       |       |       |       |       |     2 ||     2
 Abil: Exsanguinate      |       |       |     1 |       |       ||     1
       Revivify          |       |       |     1 |       |       ||     1
Evoke: Wand              |       |       |     1 |     5 |     1 ||     7
  Use: Scroll            |     3 |     9 |     3 |     6 |     9 ||    30
       Potion            |       |       |       |     3 |     1 ||     4
 Stab: Sleeping          |     2 |       |     1 |     1 |     3 ||     7
       Distracted        |       |       |     2 |       |       ||     2
Armor: Leather armour    |    11 |       |       |       |       ||    11
       Ring mail         |     6 |    11 |       |       |       ||    17
       Acid dragon scale |       |       |    42 |     4 |       ||    46
       Steam dragon scal |       |       |       |     6 |       ||     6
       Ice dragon scales |       |       |       |       |   263 ||   263
Dodge: Dodged            |    30 |    25 |    61 |    30 |   170 ||   316
Block: Buckler           |       |       |       |       |   106 ||   106
       Tower shield      |       |       |       |       |    71 ||    71

Table legend: (Time is in decaauts)
 A = Elapsed time spent in this place.
 B = Non-inter-level travel time spent in this place.
 C = Inter-level travel time spent in this place.
 D = Time resting spent in this place.
 E = Time spent auto-exploring this place.
 F = Levels seen in this place.
 G = Mean time per level.
                   A        B        C        D        E       F      G
               +--------+--------+--------+--------+--------+-----+--------+
         Total |  16091 |  15274 |    817 |   1414 |   9960 |  14 | 1149.4 |
       Dungeon |  13236 |  12419 |    817 |    617 |   8945 |  12 | 1103.0 |
        Bailey |   1422 |   1422 |      0 |    100 |    641 |   1 | 1422.0 |
      Ice Cave |   1431 |   1431 |      0 |    697 |    374 |   1 | 1431.0 |
               +--------+--------+--------+--------+--------+-----+--------+

Top non-repeatable levels by time:
     D:6: 1652 daAuts
     D:1: 1599 daAuts
   IceCv: 1431 daAuts
  Bailey: 1422 daAuts
    D:11: 1364 daAuts
     D:2: 1343 daAuts
     D:5: 1261 daAuts
     D:7: 1017 daAuts
     D:8: 986 daAuts
     D:9: 910 daAuts
     D:3: 879 daAuts
    D:10: 857 daAuts
     D:4: 856 daAuts
    D:12: 506 daAuts
